 Dungeon Crawl Stone Soup version 0.29.1-1-gd02db6906a (webtiles) character file.

Game seed: 16254574396546510870

994 jamesp the Insei (level 8, -4/52 HPs)
             Began as an Octopode Transmuter on Sept 30, 2022.
             Was an Initiate of Cheibriados.
             Slain by a hornet (8 damage)
             ... while paralysed by a hornet
             ... on level 5 of the Dungeon.
             The game lasted 00:16:40 (5563 turns).

jamesp the Insei (Octopode Transmuter)              Turns: 5563, Time: 00:16:40

Health: -4/52      AC:  1    Str: 11    XL:     8   Next: 19%
Magic:  15/15      EV:  2    Int: 24    God:    Cheibriados [......]
Gold:   505        SH:  0    Dex: 13    Spells: 12/16 levels left

rFire   . . .      SeeInvis .     - Unarmed
rCold   . . .      Faith    .   (no shield)
rNeg    . . .      Spirit   .   (helmet currently unavailable)
rPois   .          Reflect  .   (no amulet)
rElec   .          Harm     .   f - +4 ring of slaying
rCorr   .          Rampage  .   s - +6 ring of intelligence
Will    .....                   (no ring)
Stlth   ++........              (no ring)
HPRegen 0.17/turn               (no ring)
MPRegen 0.14/turn               (no ring)
                                (no ring)
                                (no ring)

@: paralysed, appendages, slowed, studying Unarmed Combat, very slow
A: tentacle spike 3, almost no armour, amphibious, 8 rings, camouflage 1,
gelatinous body 1, (nimble swimmer 1), tentacles
a: End Transformation, Renounce Religion


You were on level 5 of the Dungeon.
You worshipped Cheibriados.
Cheibriados was noncommittal.
One of your tentacles had grown a beastly spike.
You visited 2 branches of the dungeon, and saw 6 of its levels.
You also visited: Ossuary.

You collected 505 gold pieces.

Inventory:

Missiles
 b - 72 stones
 g - 8 poisoned darts
 q - a throwing net
Jewellery
 f - a +4 ring of slaying (left tentacle)
 s - a +6 ring of intelligence (right tentacle)
Wands
 j - a wand of roots (10)
 r - a wand of charming (7)
Scrolls
 a - a scroll of blinking {unknown}
 d - a scroll of immolation {unknown}
 h - 2 scrolls of noise {unknown}
 k - a scroll of poison
 l - a scroll of fear {unknown}
 m - a scroll of enchant weapon {unknown}
 o - 2 scrolls of butterflies {unknown}
 t - a scroll of amnesia
 u - 6 scrolls of teleportation {unknown}
 x - a scroll of identify
 y - a scroll of silence {unknown}
Potions
 c - 3 potions of degeneration
 e - 4 potions of might {unknown}
 n - 2 potions of curing
 p - 2 potions of ambrosia
 v - 3 potions of mutation {unknown}
 w - 3 potions of cancellation {unknown}
 z - a potion of berserk rage {unknown}
 A - a potion of haste {unknown}
 B - a potion of magic {unknown}


   Skills:
 - Level 3.0 Fighting
 - Level 2.0 Dodging
 + Level 6.8 Unarmed Combat
 + Level 4.7 Spellcasting
 + Level 5.0 Transmutations
 - Level 3.0 Poison Magic


You had 12 spell levels left.
You knew the following spells:

 Your Spells              Type           Power      Damage    Failure   Level
a - Beastly Appendage     Tmut           60%        N/A       1%          1
b - Spider Form           Tmut/Pois      25%        N/A       5%          3

Your spell library contained the following spells:

 Spells                   Type           Power      Damage    Failure   Level
 Wereblood                Tmut           30%        N/A       1%          2
 Ice Form                 Ice/Tmut       17%        N/A       32%         4


Dungeon Overview and Level Annotations

Branches:
Dungeon (5/15)             Temple (1/1) D:5         Ossuary (visited)

Altars:
Ashenzari
Cheibriados
Dithmenos
Elyvilon
Fedhas
Hepliaklqana
Kikubaaqudgha
Makhleb
Nemelex Xobeh
Okawaru
Qazlal
Ru
Sif Muna
Trog
Uskayaw
Vehumet
Xom
Yredelemnul
Zin
The Shining One

Shops:
D:4 (


Innate Abilities, Weirdness & Mutations

One of your tentacles has grown a beastly spike.
You cannot wear most types of armour.
You are amphibious.
You can wear up to eight rings at the same time.
Your skin changes colour to match your surroundings (Stealth+).
Your rubbery body absorbs attacks. (AC +1, EV +1)
((You are camouflaged when in or above water. (Stealth+)))
You have tentacles for arms and can constrict up to eight enemies at once.


Message History

You feel as though you will be slow longer.
You feel much better.
You feel very sick. The hornet barely misses you.
The hornet completely misses you.
You bludgeon the hornet! You grab the hornet.
The hornet is heavily wounded.
You constrict the hornet, but do no damage.
You feel very sick. The hornet closely misses you.
The hornet barely misses you.
You barely miss the hornet.
You pierce the hornet!
You tentacle-slap the hornet.
The hornet is almost dead.
You constrict the hornet.
You feel sick. The hornet barely misses you. The hornet stings you!
You are more poisoned.
You suddenly lose the ability to move!
You lose your grip on the hornet.
You feel very sick. The hornet stings you!
* * * LOW HITPOINT WARNING * * *
You are more poisoned.
You feel as though you will be slow longer.
You can move again.
You feel much better.
You feel very sick. The hornet misses you. The hornet stings you!
* * * LOW HITPOINT WARNING * * *
You feel as though you will be slow longer.
The hornet barely misses you.
You feel better. The hornet misses you. The hornet barely misses you.
You miss the hornet. You grab the hornet.
The hornet is almost dead.
You constrict the hornet, but do no damage.
The hornet stings you.
You suddenly lose the ability to move!
You lose your grip on the hornet.
The hornet stings you.
You feel as though you will be slow longer.
The hornet stings you!
* * * LOW HITPOINT WARNING * * *
You feel as though you will be slow longer.
The hornet stings you!
You die...

######### ####
#.......# ######...
#....##.# #.......#
###########
#.@.)##.# #.###...#
..........#
#..y###.###.##.....
#########.#
#.#...............#
#.#
#.###.#.###.####..#
#.# #.###.#.#
#.####... ###.##
#.......# #.......#
####..#.# #####.###
######'## #>.....##
#.# ##...# #
#.##.#.# ##.##
##.....


You could see a hornet.

Vanquished Creatures
  A water moccasin (D:5)
  2 ice beasts (D:5)
  An ogre (D:5)
  2 necrophages
  An orc priest (D:4)
  2 hounds (D:5)
  An iguana (D:5)
  2 orc wizards (D:5)
  8 mummies (Ossuary)
  6 adders
  4 gnolls (D:3)
  2 worms
  10 dart slugs
  13 orcs
  10 endoplasms
  4 giant cockroaches
  2 gnoll zombies (Ossuary)
  12 goblins
  5 hobgoblins
  5 jackals (D:1)
  8 kobolds
  2 quokkas
  5 ball pythons
  2 bats (D:1)
  6 frilled lizards
  2 goblin zombies (D:5)
  A hobgoblin zombie (Ossuary)
  2 kobold zombies (Ossuary)
  3 orc zombies (Ossuary)
  3 rats
127 creatures vanquished.

Notes
Turn   | Place    | Note
-------+----------+-------------------------------------------
     0 | D:1      | jamesp the Octopode Transmuter began the quest for the Orb.
     0 | D:1      | Reached XP level 1. HP: 13/13 MP: 3/3
   136 | D:1      | Reached XP level 2. HP: 18/18 MP: 3/5
   567 | D:1      | Reached XP level 3. HP: 23/23 MP: 4/6
   634 | D:1      | Found a faded altar of an unknown god.
  1157 | D:2      | Reached XP level 4. HP: 24/29 MP: 5/7
  2134 | D:3      | Learned a level 3 spell: Spider Form
  2224 | D:3      | Reached XP level 5. HP: 30/35 MP: 9/9
  2979 | D:3      | Found a shadowy altar of Dithmenos.
  2988 | D:3      | Identified the +3 leather armour of Yredelemnul's Whim
                  | {rElec Stlth+}
  3018 | D:3      | Found a stormy altar of Qazlal.
  3146 | D:4      | Reached skill level 4 in Unarmed Combat
  3371 | D:4      | Reached XP level 6. HP: 24/42 MP: 8/11
  3784 | D:4      | Found Ynunga's Antique Weapon Boutique.
  4055 | D:5      | Entered Level 5 of the Dungeon
  4107 | D:5      | Found a burning altar of Makhleb.
  4204 | D:5      | Noticed an ice beast
  4214 | D:5      | Killed an ice beast
  4215 | D:5      | Reached skill level 1 in Poison Magic
  4237 | D:5      | Found a snail-covered altar of Cheibriados.
  4243 | D:5      | Reached XP level 7. HP: 41/46 MP: 12/12
  4246 | D:5      | Became a worshipper of Cheibriados the Contemplative
  4276 | D:5      | Reached skill level 5 in Unarmed Combat
  4330 | D:5      | Found a sand-covered staircase.
  4344 | Ossuary  | Entered an ossuary
  4920 | D:5      | Found a staircase to the Ecumenical Temple.
  4926 | D:5      | Reached skill level 6 in Unarmed Combat
  5004 | Temple   | Entered the Ecumenical Temple
  5265 | D:5      | Reached XP level 8. HP: 52/52 MP: 14/14
  5412 | D:5      | Reached skill level 5 in Transmutations
  5551 | D:5      | Noticed a hornet
  5557 | D:5      | Paralysed by a hornet for 2 turns
  5561 | D:5      | Paralysed by a hornet for 3 turns
  5563 | D:5      | Slain by a hornet

Illustrated notes

Levels and vault maps discovered:
D:1:      tarquinn_simple_flora_water_b, layout_loops_cross,
          dreamdust_ecumenical_altar_grove
D:2:      layout_loops_ring, serial_glass, glass_columns_a, glass_columns_b,
          minmay_pentomino_t4
D:3:      kennysheep_slugbush, layout_basic,
          nicolae_dithmenos_through_a_glass_darkly, grunt_qazlal_sundering
D:4:      layout_cave_pools, serial_shops, nicolae_shop_stone
D:5:      cheibrodos_quashed, layout_loops_corners, bloody_makhleb,
          slow_altar_2, temple_green, enter_ossuary_4
Temple:   nicolae_temple_slightly_damp_pantheon

Skill      XL: |  1  2  3  4  5  6  7  8 |
---------------+-------------------------+-----
Fighting       | 2 3 |  3.0
Transmutations | 3 4 5 |  5.0
Spellcasting   | 3 4 |  4.7
Unarmed Combat | 4 6 |  6.8
Poison Magic   | 1 3 |  3.0
Dodging        | |  2.0

Action                   |  1- 3 |  4- 6 |  7- 9 || total
-------------------------+-------+-------+-------++-------
Melee: Unarmed           |    65 |   105 |    72 ||   242
       Constrict         |    22 |    33 |    25 ||    80
       Kick              |    23 |    25 |    32 ||    80
       Tentacles         |     7 |    19 |    18 ||    44
       Punch             |     1 |     4 |     5 ||    10
 Cast: Beastly Appendage |    18 |    26 |    14 ||    58
Evoke: Wand              |       |     1 |       ||     1
  Use: Scroll            |       |     6 |       ||     6
       Potion            |       |     1 |     3 ||     4
 Stab: Sleeping          |     4 |     3 |     1 ||     8
       Distracted        |       |     1 |       ||     1
Armor: Skin              |     9 |     4 |     4 ||    17
Dodge: Dodged            |    30 |    52 |    41 ||   123
